Hartford Whalers vs Montreal Canadiens
Created - Sunday, September 22, 2024 at 06:48
Goals
|
| Hartford Whalers |
0 |
1 |
1 |
2 |
| Montreal Canadiens |
2 |
0 |
1 |
3 |
|
Shots
|
| Hartford Whalers |
11 |
13 |
7 |
31 |
| Montreal Canadiens |
17 |
13 |
9 |
39 |
|
1st period
1. Montreal Canadiens , Juraj Slafkovsky 7 (Tyler Myers 10, Dylan Larkin 23) at 7:19
2. Montreal Canadiens , Vincent Trocheck 12 (Martin Necas 14, Tyler Myers 11) at 8:55
Penalties :
No Penalty
2nd period
3. Hartford Whalers , Nick Suzuki 15 (Jonathan Drouin 18) at 14:51
Penalties :
Luke Glendening (MTL) for Holding (Minor) at 5:31, Nick Suzuki (HFD) for Delaying the game (Minor) at 15:40
3rd period
4. Montreal Canadiens , Dylan Larkin 18 (Ryan Lindgren 9, Juraj Slafkovsky 18) at 1:34
5. Hartford Whalers , Morgan Frost 16 (T.J. Oshie 16) at 15:12 (PP)
Penalties :
Vincent Trocheck (MTL) for Hooking (Minor) at 2:10, Damon Severson (MTL) for Roughing (Minor) at 6:54, Ilya Lyubushkin (MTL) for Roughing (Minor) at 13:52
Goalie Stats
Anton Forsberg (HFD), 36 saves from 39 shots - (0.923), L, 1-7-0, 60:00 minutes
David Rittich (MTL), 29 saves from 31 shots - (0.935), W, 2-4-1, 60:00 minutes
Players Stats for Hartford Whalers
Player Name G A P +/- PIM S H SB GA TA FO MP PP MP PK MP
------------------------------------------------------------------------------------
Anthony Cirelli 0 0 0 -1 0 1 3 2 0 1 0/0 17:30 3:36 1:10
Charlie McAvoy 0 0 0 -1 0 1 3 2 2 1 0/0 24:11 3:28 1:06
Derek Forbort 0 0 0 -1 0 0 1 1 0 2 0/0 14:49 0:00 0:00
Jonathan Drouin 0 1 1 -1 0 2 3 0 0 0 0/1 18:23 3:36 0:35
Josh Anderson 0 0 0 -1 0 0 1 0 0 0 0/0 12:12 0:02 0:14
Joshua Norris 0 0 0 -1 0 1 1 0 1 0 2/3 11:34 0:00 0:23
Kaapo Kakko 0 0 0 0 0 2 0 0 0 0 0/2 12:35 0:00 0:43
Kaiden Guhle 0 0 0 -1 0 1 2 0 0 0 0/0 14:49 0:00 0:00
Lukas Reichel 0 0 0 0 0 2 1 0 0 1 4/10 11:52 0:00 0:00
Miles Wood 0 0 0 0 0 3 1 0 0 0 1/1 16:19 3:36 0:00
Morgan Frost 1 0 1 0 0 3 1 1 0 0 9/14 18:44 3:39 0:53
Nick Suzuki 1 0 1 -1 2 6 0 0 1 0 8/19 17:47 3:36 0:00
Ryan McDonagh 0 0 0 -1 0 0 1 1 0 1 0/0 24:06 3:28 1:06
Ryan Suter 0 0 0 0 0 1 0 1 1 2 0/0 21:00 3:49 0:53
T.J. Oshie 0 1 1 0 0 6 0 0 1 0 0/1 16:23 3:39 0:00
Taylor Hall 0 0 0 -1 0 0 1 0 1 1 0/0 11:58 0:02 0:00
Tomas Tatar 0 0 0 0 0 1 1 0 1 1 1/2 12:43 0:05 0:00
Torey Krug 0 0 0 0 0 1 2 0 0 2 0/0 21:05 3:49 0:53
Players Stats for Montreal Canadiens
Player Name G A P +/- PIM S H SB GA TA FO MP PP MP PK MP
------------------------------------------------------------------------------------
Adam Fox 0 0 0 -1 0 1 1 1 1 0 0/0 23:04 1:25 4:23
Aliaksei Protas 0 0 0 0 0 1 0 1 1 0 0/0 14:32 0:00 2:12
Brady Skjei 0 0 0 1 0 1 2 1 0 0 0/0 22:28 1:25 2:54
Damon Severson 0 0 0 -1 2 1 5 2 0 1 0/0 16:46 0:34 0:00
Dylan Larkin 1 1 2 2 0 7 0 1 0 0 10/17 20:27 1:04 3:43
Evgeni Dadonov 0 0 0 0 0 0 0 1 1 1 0/1 10:52 0:00 2:13
Ilya Lyubushkin 0 0 0 0 2 2 1 0 0 0 0/0 13:03 0:00 0:00
Jaden Schwartz 0 0 0 0 0 1 1 0 0 0 0/0 9:56 0:00 0:00
Jake Evans 0 0 0 0 0 1 3 2 0 1 3/10 14:51 0:00 2:31
Jonathan Marchessault 0 0 0 0 0 6 2 0 1 0 1/1 15:24 1:04 0:00
Juraj Slafkovsky 1 1 2 2 0 5 1 0 1 1 0/1 15:38 1:04 0:42
Luke Glendening 0 0 0 0 2 0 1 0 0 1 0/1 10:15 0:00 0:04
Martin Necas 0 1 1 0 0 3 0 0 3 0 0/0 15:15 0:55 0:00
Patrik Laine 0 0 0 2 0 2 0 1 1 0 1/4 15:44 0:55 1:18
Ryan Lindgren 0 1 1 2 0 2 1 1 0 1 0/0 21:07 0:00 4:23
Tyler Myers 0 2 2 3 0 0 0 0 0 2 0/0 23:51 0:34 2:54
Vincent Trocheck 1 0 1 0 2 5 0 1 3 0 13/18 21:02 0:55 1:51
Vladislav Namestnikov 0 0 0 0 0 1 1 0 0 0 0/0 8:24 0:00 0:00
3 Stars
1 - Juraj Slafkovsky (MTL)
2 - Dylan Larkin (MTL)
3 - Tyler Myers (MTL)
Power Play
Hartford Whalers - 1 on 4 Attempt(s) - 25.00%
Montreal Canadiens - 0 on 1 Attempt(s) - 0.00%
Penalty Kill
Hartford Whalers - 1 on 1 Attempt(s) - 100.00%
- Score 0 goal in Penalty Kill
Montreal Canadiens - 3 on 4 Attempt(s) - 75.00%
- Score 0 goal in Penalty Kill
Team Stat
Hartford Whalers - Hits : 22 - Faceoff Wins : 25 - Blocked Shots : 8 - Penalty Minutes : 2
Montreal Canadiens - Hits : 19 - Faceoff Wins : 28 - Blocked Shots : 12 - Penalty Minutes : 8
Official
Referees : Cody Beach and Steve Kozari
Linesman : Julien Fournier and Brad Kovachik
Game Notes
Vladislav Namestnikov is injured at 13:41 of 3rd period (Sore Left Knee)
Finance
Level 1 -- Attendance: 5413 (90.22%) -- Ticket Income $503,409
Level 2 -- Attendance: 4608 (92.16%) -- Ticket Income $244,224
Level 3 -- Attendance: 2841 (94.70%) -- Ticket Income $90,912
Level 4 -- Attendance: 4785 (95.70%) -- Ticket Income $105,270
Luxury Box -- Attendance: 1000 (100.00%) -- Ticket Income $195,000
Game was played at the Bell Centre.
Total Attendance: 18647 (93.24%)
Total Ticket Income: $1,138,815
Other Income: $398,585
Total Income: $1,537,400
Hartford Whalers
5 vs 5 Forward
Center Left Wing Right Wing Time % Phy DF OF
1 Nick Suzuki Anthony Cirelli Jonathan Drouin 30 1 2 2
2 Morgan Frost Miles Wood T.J. Oshie 30 1 2 2
3 Lukas Reichel Tomas Tatar Kaapo Kakko 25 1 2 2
4 Joshua Norris Taylor Hall Josh Anderson 15 1 2 2
5 vs 5 Defense
Defense Defense Time % Phy DF OF
1 Charlie McAvoy Ryan McDonagh 35 1 2 2
2 Torey Krug Ryan Suter 35 1 2 2
3 Kaiden Guhle Derek Forbort 30 1 2 2
4 Charlie McAvoy Ryan McDonagh 0 1 2 2
PowerPlay Forward
Center Left Wing Right Wing Time % Phy DF OF
1 Nick Suzuki Anthony Cirelli Jonathan Drouin 50 1 2 2
2 Morgan Frost Miles Wood T.J. Oshie 50 1 2 2
PowerPlay Defense
Defense Defense Time % Phy DF OF
1 Charlie McAvoy Ryan McDonagh 50 1 2 2
2 Torey Krug Ryan Suter 50 1 2 2
Penalty Kill 4 Players Forward
Center Wing Time % Phy DF OF
1 Nick Suzuki Anthony Cirelli 50 1 2 2
2 Jonathan Drouin Morgan Frost 50 1 2 2
Penalty Kill 4 Players Defense
Defense Defense Time % Phy DF OF
1 Charlie McAvoy Ryan McDonagh 50 1 2 2
2 Torey Krug Ryan Suter 50 1 2 2
Penalty Kill - 3 Players Forward
Forward Time % Phy DF OF
1 Nick Suzuki 50 1 2 2
2 Anthony Cirelli 50 1 2 2
Penalty Kill - 3 Players Defense
Defense Defense Time % Phy DF OF
1 Charlie McAvoy Ryan McDonagh 50 1 2 2
2 Torey Krug Ryan Suter 50 1 2 2
4 vs 4 Forward
Center Wing Time % Phy DF OF
1 Nick Suzuki Anthony Cirelli 50 1 2 2
2 Jonathan Drouin Morgan Frost 50 1 2 2
4 vs 4 Defense
Defense Defense Time % Phy DF OF
1 Charlie McAvoy Ryan McDonagh 50 1 2 2
2 Torey Krug Ryan Suter 50 1 2 2
Last Minutes Offensive
Center Left Wing Right Wing Defense Defense
Nick Suzuki Anthony Cirelli Jonathan Drouin Charlie McAvoy Ryan McDonagh
Last Minutes Defensive
Center Left Wing Right Wing Defense Defense
Nick Suzuki Anthony Cirelli Jonathan Drouin Charlie McAvoy Ryan McDonagh
Goaltenders
Starting : Anton Forsberg
Backup : Anson Thornton
Extra Forwards
Normal : Tomas Tatar, Taylor Hall, Kaapo Kakko - PP : Tomas Tatar, Taylor Hall - PK : Kaapo Kakko
Extra Defensemen
Normal : Kaiden Guhle, Charlie McAvoy, Torey Krug - PP : Kaiden Guhle - PK : Derek Forbort, Torey Krug
Penalty Shots
Nick Suzuki, Anthony Cirelli, Jonathan Drouin, Morgan Frost, T.J. Oshie
Scratches
Alec Martinez (Healthy), Matthew Coronato (Healthy), Spencer Knight (Left Leg Injury)
Montreal Canadiens
5 vs 5 Forward
Center Left Wing Right Wing Time % Phy DF OF
1 Dylan Larkin Patrik Laine Juraj Slafkovsky 35 0 2 3
2 Vincent Trocheck Jonathan Marchessault Martin Necas 35 1 2 2
3 Jake Evans Jaden Schwartz Aliaksei Protas 20 1 3 1
4 Luke Glendening Vladislav Namestnikov Evgeni Dadonov 10 1 3 1
5 vs 5 Defense
Defense Defense Time % Phy DF OF
1 Adam Fox Damon Severson 33 1 2 2
2 Tyler Myers Ryan Lindgren 33 1 3 1
3 Brady Skjei Ilya Lyubushkin 24 1 4 0
4 Tyler Myers Brady Skjei 10 1 4 0
PowerPlay Forward
Center Left Wing Right Wing Time % Phy DF OF
1 Dylan Larkin Jonathan Marchessault Juraj Slafkovsky 50 0 0 5
2 Vincent Trocheck Patrik Laine Martin Necas 50 0 0 5
PowerPlay Defense
Defense Defense Time % Phy DF OF
1 Adam Fox Brady Skjei 50 0 1 4
2 Tyler Myers Damon Severson 50 0 1 4
Penalty Kill 4 Players Forward
Center Wing Time % Phy DF OF
1 Dylan Larkin Vincent Trocheck 50 1 3 1
2 Jake Evans Aliaksei Protas 50 1 3 1
Penalty Kill 4 Players Defense
Defense Defense Time % Phy DF OF
1 Adam Fox Ryan Lindgren 50 1 4 0
2 Tyler Myers Brady Skjei 50 1 4 0
Penalty Kill - 3 Players Forward
Forward Time % Phy DF OF
1 Vincent Trocheck 50 1 4 0
2 Dylan Larkin 50 1 4 0
Penalty Kill - 3 Players Defense
Defense Defense Time % Phy DF OF
1 Adam Fox Ryan Lindgren 50 1 4 0
2 Tyler Myers Brady Skjei 50 1 4 0
4 vs 4 Forward
Center Wing Time % Phy DF OF
1 Vincent Trocheck Jonathan Marchessault 50 1 2 2
2 Dylan Larkin Patrik Laine 50 1 2 2
4 vs 4 Defense
Defense Defense Time % Phy DF OF
1 Adam Fox Brady Skjei 50 1 2 2
2 Tyler Myers Damon Severson 50 1 2 2
Last Minutes Offensive
Center Left Wing Right Wing Defense Defense
Dylan Larkin Jonathan Marchessault Vincent Trocheck Adam Fox Brady Skjei
Last Minutes Defensive
Center Left Wing Right Wing Defense Defense
Dylan Larkin Luke Glendening Vincent Trocheck Adam Fox Ryan Lindgren
Goaltenders
Starting : David Rittich
Backup : Jacob Markstrom
Extra Forwards
Normal : Vincent Trocheck, Dylan Larkin, Juraj Slafkovsky - PP : Martin Necas, Juraj Slafkovsky - PK : Jake Evans
Extra Defensemen
Normal : Adam Fox, Brady Skjei, Damon Severson - PP : Adam Fox - PK : Adam Fox, Brady Skjei
Penalty Shots
Patrik Laine, Vincent Trocheck, Juraj Slafkovsky, Jonathan Marchessault, Damon Severson
Scratches
Alexandre Carrier (Healthy)
% Time on Ice - Hartford Whalers
Lines # - Real PCT - Wanted PCT - Time Play
Normal Forward
1 - 25% - 30% - 12:44
2 - 29% - 30% - 14:57
3 - 23% - 25% - 11:52
4 - 22% - 15% - 11:11
Normal Defense
1 - 37% - 35% - 18:37
2 - 32% - 35% - 16:18
3 - 29% - 30% - 14:49
4 - 2% - 0% - 1:00
PP Forward
1 - 49% - 50% - 3:36
2 - 51% - 50% - 3:41
PP Defense
1 - 48% - 50% - 3:28
2 - 52% - 50% - 3:49
PK Forward
1 - 71% - 50% - 1:24
2 - 29% - 50% - 0:35
PK Defense
1 - 55% - 50% - 1:06
2 - 45% - 50% - 0:53
PK3 Forward
1 - 0% - 50%
2 - 0% - 50%
PK3 Defense
1 - 0% - 50%
2 - 0% - 50%
44 Forward
1 - 0% - 50%
2 - 0% - 50%
44 Defense
1 - 0% - 50%
2 - 0% - 50%
Last Minute Offensive - 0:00
Last Minute Defensive - 0:00
Total
Forward - 60:00
Defense - 60:00
|
% Time on Ice - Montreal Canadiens
Lines # - Real PCT - Wanted PCT - Time Play
Normal Forward
1 - 28% - 35% - 13:59
2 - 34% - 35% - 17:05
3 - 20% - 20% - 9:56
4 - 17% - 10% - 8:39
Normal Defense
1 - 34% - 33% - 16:57
2 - 34% - 33% - 16:39
3 - 25% - 24% - 12:19
4 - 8% - 10% - 3:44
PP Forward
1 - 54% - 50% - 1:04
2 - 46% - 50% - 0:55
PP Defense
1 - 71% - 50% - 1:25
2 - 29% - 50% - 0:34
PK Forward
1 - 67% - 50% - 4:54
2 - 33% - 50% - 2:23
PK Defense
1 - 60% - 50% - 4:23
2 - 40% - 50% - 2:54
PK3 Forward
1 - 0% - 50%
2 - 0% - 50%
PK3 Defense
1 - 0% - 50%
2 - 0% - 50%
44 Forward
1 - 0% - 50%
2 - 0% - 50%
44 Defense
1 - 0% - 50%
2 - 0% - 50%
Last Minute Offensive - 0:00
Last Minute Defensive - 1:05
Total
Forward - 60:00
Defense - 60:00
|
Play-by-Play
1st period
0:01 of 1st period - Nick Suzuki wins face-off versus Juraj Slafkovsky in neutral zone.
0:11 of 1st period - Icing by Damon Severson.
0:12 of 1st period - Morgan Frost wins face-off versus Dylan Larkin in Montreal Canadiens zone.
0:17 of 1st period - Snap shot by T.J. Oshie.
0:17 of 1st period - Stopped by David Rittich with a rebound.
0:47 of 1st period - Martin Necas is hit by Torey Krug and loses puck.
1:02 of 1st period - Derek Forbort is hit by Jake Evans and loses puck.
1:49 of 1st period - Snap shot by Patrik Laine.
1:49 of 1st period - Shot Misses the Net.
3:02 of 1st period - Torey Krug is hit by Damon Severson and loses puck.
3:41 of 1st period - Wrist shot by Juraj Slafkovsky.
3:41 of 1st period - Shot Misses the Net.
3:47 of 1st period - Tyler Myers is hit by Derek Forbort.
4:05 of 1st period - Adam Fox is hit by Miles Wood and loses puck.
4:12 of 1st period - Miles Wood is hit by Damon Severson and loses puck.
4:53 of 1st period - Slapshot by Jonathan Drouin.
4:53 of 1st period - Shot Misses the Net.
5:01 of 1st period - Wrist shot by Nick Suzuki.
5:01 of 1st period - Stopped by David Rittich with a rebound.
5:13 of 1st period - Wrist shot by Tomas Tatar.
5:13 of 1st period - Shot Misses the Net.
5:15 of 1st period - Slapshot by Ryan Suter.
5:15 of 1st period - Stopped by David Rittich with a rebound.
5:17 of 1st period - Wrist shot by Tomas Tatar.
5:17 of 1st period - Shot Blocked by Jake Evans.
5:19 of 1st period - Slapshot by Ryan Suter.
5:19 of 1st period - Shot Misses the Net.
5:21 of 1st period - Snap shot by Lukas Reichel.
5:21 of 1st period - Stopped by David Rittich with a rebound.
7:15 of 1st period - Slapshot by Juraj Slafkovsky.
7:15 of 1st period - Shot Misses the Net.
7:17 of 1st period - Slapshot by Tyler Myers.
7:17 of 1st period - Shot Misses the Net.
7:19 of 1st period - Snap shot by Juraj Slafkovsky.
7:19 of 1st period - Goal by Juraj Slafkovsky - Hartford Whalers : 0 - Montreal Canadiens : 1.
7:20 of 1st period - Dylan Larkin wins face-off versus Nick Suzuki in neutral zone.
7:29 of 1st period - Wrist shot by Jonathan Drouin.
7:29 of 1st period - Stopped by David Rittich with a rebound.
7:37 of 1st period - Snap shot by Patrik Laine.
7:37 of 1st period - Stopped by Anton Forsberg without a rebound.
7:38 of 1st period - Morgan Frost wins face-off versus Jake Evans in Hartford Whalers zone.
7:42 of 1st period - Off-side.
7:43 of 1st period - Morgan Frost wins face-off versus Jake Evans in neutral zone.
8:11 of 1st period - Snap shot by Nick Suzuki.
8:11 of 1st period - Shot Blocked by Damon Severson.
8:13 of 1st period - Wrist shot by Nick Suzuki.
8:13 of 1st period - Stopped by David Rittich with a rebound.
8:15 of 1st period - Slapshot by Kaiden Guhle.
8:15 of 1st period - Stopped by David Rittich without a rebound.
8:16 of 1st period - Dylan Larkin wins face-off versus Jonathan Drouin in Montreal Canadiens zone.
8:16 of 1st period - Dylan Larkin is hit by Jonathan Drouin.
8:19 of 1st period - Icing by Patrik Laine.
8:20 of 1st period - Lukas Reichel wins face-off versus Patrik Laine in Montreal Canadiens zone.
8:55 of 1st period - Wrist shot by Vincent Trocheck.
8:55 of 1st period - Goal by Vincent Trocheck - Hartford Whalers : 0 - Montreal Canadiens : 2.
8:56 of 1st period - Dylan Larkin wins face-off versus Morgan Frost in neutral zone.
9:09 of 1st period - Snap shot by Juraj Slafkovsky.
9:09 of 1st period - Stopped by Anton Forsberg without a rebound.
9:10 of 1st period - Vincent Trocheck wins face-off versus Lukas Reichel in Hartford Whalers zone.
9:19 of 1st period - Slapshot by Vincent Trocheck.
9:19 of 1st period - Shot Misses the Net.
9:51 of 1st period - Adam Fox is hit by Torey Krug and loses puck.
9:59 of 1st period - Icing by Adam Fox.
10:00 of 1st period - Morgan Frost wins face-off versus Patrik Laine in Montreal Canadiens zone.
10:35 of 1st period - Snap shot by Anthony Cirelli.
10:35 of 1st period - Shot Blocked by Jake Evans.
10:37 of 1st period - Snap shot by Nick Suzuki.
10:37 of 1st period - Shot Misses the Net.
10:53 of 1st period - Slapshot by Vincent Trocheck.
10:53 of 1st period - Deflect By Jonathan Marchessault.
10:53 of 1st period - Stopped by Anton Forsberg without a rebound.
10:54 of 1st period - Vincent Trocheck wins face-off versus Morgan Frost in Hartford Whalers zone.
10:57 of 1st period - Wrist shot by Martin Necas.
10:57 of 1st period - Stopped by Anton Forsberg with a rebound.
10:59 of 1st period - Slapshot by Tyler Myers.
10:59 of 1st period - Deflect By Martin Necas.
10:59 of 1st period - Stopped by Anton Forsberg with a rebound.
11:36 of 1st period - Wrist shot by Jonathan Marchessault.
11:36 of 1st period - Stopped by Anton Forsberg with a rebound.
11:38 of 1st period - Slapshot by Martin Necas.
11:38 of 1st period - Shot Blocked by Charlie McAvoy.
11:45 of 1st period - Icing by Ryan McDonagh.
11:46 of 1st period - Morgan Frost wins face-off versus Jake Evans in Hartford Whalers zone.
13:15 of 1st period - Off-side.
13:16 of 1st period - Nick Suzuki wins face-off versus Vincent Trocheck in neutral zone.
13:32 of 1st period - Wrist shot by Jonathan Marchessault.
13:32 of 1st period - Shot Misses the Net.
13:52 of 1st period - Snap shot by Adam Fox.
13:52 of 1st period - Shot Misses the Net.
13:54 of 1st period - Slapshot by Damon Severson.
13:54 of 1st period - Shot Blocked by Anthony Cirelli.
14:04 of 1st period - Adam Fox is hit by Lukas Reichel and loses puck.
14:15 of 1st period - Wrist shot by Juraj Slafkovsky.
14:15 of 1st period - Deflect By Dylan Larkin.
14:15 of 1st period - Stopped by Anton Forsberg without a rebound.
14:16 of 1st period - Jonathan Marchessault wins face-off versus Joshua Norris in Hartford Whalers zone.
15:06 of 1st period - Snap shot by Tomas Tatar.
15:06 of 1st period - Stopped by David Rittich with a rebound.
15:08 of 1st period - Snap shot by T.J. Oshie.
15:08 of 1st period - Shot Misses the Net.
15:10 of 1st period - Slapshot by Miles Wood.
15:10 of 1st period - Shot Misses the Net.
15:12 of 1st period - Wrist shot by Torey Krug.
15:12 of 1st period - Deflect By T.J. Oshie.
15:12 of 1st period - Stopped by David Rittich with a rebound.
15:14 of 1st period - Snap shot by Ryan Suter.
15:14 of 1st period - Shot Blocked by Adam Fox.
15:16 of 1st period - Wrist shot by Miles Wood.
15:16 of 1st period - Stopped by David Rittich with a rebound.
15:52 of 1st period - Taylor Hall is hit by Damon Severson and loses puck.
16:07 of 1st period - Lukas Reichel is hit by Jonathan Marchessault and loses puck.
16:12 of 1st period - Wrist shot by Jonathan Marchessault.
16:12 of 1st period - Stopped by Anton Forsberg with a rebound.
16:14 of 1st period - Wrist shot by Vincent Trocheck.
16:14 of 1st period - Stopped by Anton Forsberg with a rebound.
16:16 of 1st period - Snap shot by Vincent Trocheck.
16:16 of 1st period - Stopped by Anton Forsberg with a rebound.
16:18 of 1st period - Snap shot by Martin Necas.
16:18 of 1st period - Shot Misses the Net.
16:30 of 1st period - Wrist shot by T.J. Oshie.
16:30 of 1st period - Deflect By Miles Wood.
16:30 of 1st period - Shot Blocked by Ryan Lindgren.
16:30 of 1st period - Puck is out of play.
16:31 of 1st period - Morgan Frost wins face-off versus Dylan Larkin in Montreal Canadiens zone.
16:34 of 1st period - Snap shot by T.J. Oshie.
16:34 of 1st period - Stopped by David Rittich with a rebound.
17:05 of 1st period - Snap shot by Juraj Slafkovsky.
17:05 of 1st period - Stopped by Anton Forsberg with a rebound.
17:07 of 1st period - Wrist shot by Dylan Larkin.
17:07 of 1st period - Stopped by Anton Forsberg with a rebound.
17:09 of 1st period - Wrist shot by Brady Skjei.
17:09 of 1st period - Stopped by Anton Forsberg without a rebound.
17:10 of 1st period - Vincent Trocheck wins face-off versus Nick Suzuki in Hartford Whalers zone.
17:11 of 1st period - Snap shot by Martin Necas.
17:11 of 1st period - Stopped by Anton Forsberg without a rebound.
17:12 of 1st period - Vincent Trocheck wins face-off versus Nick Suzuki in Hartford Whalers zone.
18:04 of 1st period - Icing by Charlie McAvoy.
18:05 of 1st period - Joshua Norris wins face-off versus Dylan Larkin in Hartford Whalers zone.
19:52 of 1st period - Snap shot by Patrik Laine.
19:52 of 1st period - Stopped by Anton Forsberg with a rebound.
Goals for this period are 0 for Hartford Whalers vs 2 for Montreal Canadiens.
Shots for this period are 11 for Hartford Whalers vs 17 for Montreal Canadiens.
2nd period
0:01 of 2nd period - Vincent Trocheck wins face-off versus Nick Suzuki in neutral zone.
0:28 of 2nd period - Icing by Ryan Lindgren.
0:29 of 2nd period - Vincent Trocheck wins face-off versus Morgan Frost in Montreal Canadiens zone.
1:26 of 2nd period - Slapshot by Jonathan Drouin.
1:26 of 2nd period - Stopped by David Rittich without a rebound.
1:27 of 2nd period - Miles Wood wins face-off versus Jake Evans in Montreal Canadiens zone.
1:34 of 2nd period - Slapshot by Damon Severson.
1:34 of 2nd period - Shot Blocked by Ryan McDonagh.
2:04 of 2nd period - Snap shot by Anthony Cirelli.
2:04 of 2nd period - Shot Misses the Net.
2:06 of 2nd period - Snap shot by Anthony Cirelli.
2:06 of 2nd period - Stopped by David Rittich with a rebound.
2:36 of 2nd period - Slapshot by Dylan Larkin.
2:36 of 2nd period - Stopped by Anton Forsberg without a rebound.
2:37 of 2nd period - Joshua Norris wins face-off versus Patrik Laine in Hartford Whalers zone.
3:23 of 2nd period - Snap shot by Jaden Schwartz.
3:23 of 2nd period - Shot Blocked by Derek Forbort.
3:47 of 2nd period - Snap shot by Lukas Reichel.
3:47 of 2nd period - Deflect By Kaapo Kakko.
3:47 of 2nd period - Shot Misses the Net.
3:47 of 2nd period - Puck is out of play.
3:48 of 2nd period - Vincent Trocheck wins face-off versus Lukas Reichel in Montreal Canadiens zone.
3:48 of 2nd period - Vincent Trocheck is hit by Charlie McAvoy.
4:04 of 2nd period - Wrist shot by Vincent Trocheck.
4:04 of 2nd period - Stopped by Anton Forsberg without a rebound.
4:05 of 2nd period - Dylan Larkin wins face-off versus T.J. Oshie in Hartford Whalers zone.
4:06 of 2nd period - Snap shot by Juraj Slafkovsky.
4:06 of 2nd period - Stopped by Anton Forsberg with a rebound.
4:16 of 2nd period - Slapshot by Dylan Larkin.
4:16 of 2nd period - Shot Misses the Net.
4:18 of 2nd period - Slapshot by Ryan Lindgren.
4:18 of 2nd period - Stopped by Anton Forsberg with a rebound.
4:20 of 2nd period - Slapshot by Ryan Lindgren.
4:20 of 2nd period - Stopped by Anton Forsberg with a rebound.
4:37 of 2nd period - Nick Suzuki is hit by Jonathan Marchessault and loses puck.
4:56 of 2nd period - Torey Krug is hit by Jaden Schwartz and loses puck.
5:31 of 2nd period - Minor Penalty to Luke Glendening for Holding.
5:32 of 2nd period - Nick Suzuki wins face-off versus Dylan Larkin in Montreal Canadiens zone.
5:36 of 2nd period - Wrist shot by Jonathan Drouin.
5:36 of 2nd period - Deflect By Nick Suzuki.
5:36 of 2nd period - Deflect By Adam Fox.
5:36 of 2nd period - Shot Misses the Net.
5:36 of 2nd period - Puck is out of play.
5:37 of 2nd period - Nick Suzuki wins face-off versus Vincent Trocheck in Montreal Canadiens zone.
5:38 of 2nd period - Wrist shot by Jonathan Drouin.
5:38 of 2nd period - Shot Blocked by Vincent Trocheck.
5:54 of 2nd period - Slapshot by Adam Fox.
5:54 of 2nd period - Stopped by Anton Forsberg with a rebound.
6:40 of 2nd period - Vincent Trocheck is hit by Anthony Cirelli and loses puck.
7:31 of 2nd period - Penalty to Luke Glendening is over, Luke Glendening is back on ice.
7:49 of 2nd period - Wrist shot by Dylan Larkin.
7:49 of 2nd period - Stopped by Anton Forsberg with a rebound.
7:51 of 2nd period - Snap shot by Dylan Larkin.
7:51 of 2nd period - Stopped by Anton Forsberg with a rebound.
7:58 of 2nd period - Icing by Torey Krug.
7:59 of 2nd period - Tomas Tatar wins face-off versus Luke Glendening in Hartford Whalers zone.
8:23 of 2nd period - Wrist shot by T.J. Oshie.
8:23 of 2nd period - Stopped by David Rittich without a rebound.
8:24 of 2nd period - Morgan Frost wins face-off versus Evgeni Dadonov in Montreal Canadiens zone.
8:50 of 2nd period - Wrist shot by T.J. Oshie.
8:50 of 2nd period - Stopped by David Rittich with a rebound.
8:58 of 2nd period - Snap shot by Miles Wood.
8:58 of 2nd period - Stopped by David Rittich with a rebound.
9:00 of 2nd period - Wrist shot by Morgan Frost.
9:00 of 2nd period - Stopped by David Rittich without a rebound.
9:01 of 2nd period - Vincent Trocheck wins face-off versus Nick Suzuki in Montreal Canadiens zone.
9:18 of 2nd period - Slapshot by Nick Suzuki.
9:18 of 2nd period - Stopped by David Rittich without a rebound.
9:19 of 2nd period - Dylan Larkin wins face-off versus Lukas Reichel in Montreal Canadiens zone.
9:32 of 2nd period - Tyler Myers is hit by Kaiden Guhle and loses puck.
9:45 of 2nd period - Vincent Trocheck is hit by Jonathan Drouin and loses puck.
10:07 of 2nd period - Ryan McDonagh is hit by Damon Severson and loses puck.
10:26 of 2nd period - Slapshot by Joshua Norris.
10:26 of 2nd period - Shot Misses the Net.
10:36 of 2nd period - Snap shot by Joshua Norris.
10:36 of 2nd period - Shot Misses the Net.
10:48 of 2nd period - Adam Fox is hit by Tomas Tatar and loses puck.
10:57 of 2nd period - Lukas Reichel is hit by Adam Fox and loses puck.
11:38 of 2nd period - Snap shot by Miles Wood.
11:38 of 2nd period - Shot Blocked by Patrik Laine.
11:40 of 2nd period - Snap shot by Morgan Frost.
11:40 of 2nd period - Shot Blocked by Dylan Larkin.
13:07 of 2nd period - Ryan Lindgren is hit by Anthony Cirelli and loses puck.
13:12 of 2nd period - Snap shot by Jonathan Drouin.
13:12 of 2nd period - Shot Misses the Net.
13:14 of 2nd period - Snap shot by Ryan McDonagh.
13:14 of 2nd period - Deflect By Jonathan Drouin.
13:14 of 2nd period - Shot Misses the Net.
13:14 of 2nd period - Puck is out of play.
13:15 of 2nd period - Lukas Reichel wins face-off versus Vincent Trocheck in Montreal Canadiens zone.
14:11 of 2nd period - Snap shot by T.J. Oshie.
14:11 of 2nd period - Stopped by David Rittich with a rebound.
14:13 of 2nd period - Slapshot by Charlie McAvoy.
14:13 of 2nd period - Stopped by David Rittich with a rebound.
14:47 of 2nd period - Snap shot by Kaapo Kakko.
14:47 of 2nd period - Stopped by David Rittich without a rebound.
14:48 of 2nd period - Nick Suzuki wins face-off versus Vincent Trocheck in Montreal Canadiens zone.
14:51 of 2nd period - Snap shot by Nick Suzuki.
14:51 of 2nd period - Goal by Nick Suzuki - Hartford Whalers : 1 - Montreal Canadiens : 2.
14:52 of 2nd period - Vincent Trocheck wins face-off versus Nick Suzuki in neutral zone.
15:10 of 2nd period - Off-side.
15:11 of 2nd period - Patrik Laine wins face-off versus Tomas Tatar in neutral zone.
15:40 of 2nd period - Minor Penalty to Nick Suzuki for Delaying the game.
15:41 of 2nd period - Dylan Larkin wins face-off versus Kaapo Kakko in Hartford Whalers zone.
15:43 of 2nd period - Wrist shot by Dylan Larkin.
15:43 of 2nd period - Shot Misses the Net.
15:45 of 2nd period - Snap shot by Jonathan Marchessault.
15:45 of 2nd period - Stopped by Anton Forsberg without a rebound.
15:46 of 2nd period - Dylan Larkin wins face-off versus Kaapo Kakko in Hartford Whalers zone.
16:17 of 2nd period - Snap shot by Brady Skjei.
16:17 of 2nd period - Shot Blocked by Morgan Frost.
17:40 of 2nd period - Penalty to Nick Suzuki is over, Nick Suzuki is back on ice.
18:18 of 2nd period - Wrist shot by Jonathan Drouin.
18:18 of 2nd period - Shot Misses the Net.
18:44 of 2nd period - Slapshot by Vladislav Namestnikov.
18:44 of 2nd period - Stopped by Anton Forsberg with a rebound.
18:56 of 2nd period - Tyler Myers is hit by Morgan Frost and loses puck.
19:07 of 2nd period - Wrist shot by Nick Suzuki.
19:07 of 2nd period - Stopped by David Rittich without a rebound.
19:08 of 2nd period - Lukas Reichel wins face-off versus Vincent Trocheck in Montreal Canadiens zone.
19:11 of 2nd period - Slapshot by Kaapo Kakko.
19:11 of 2nd period - Stopped by David Rittich with a rebound.
19:33 of 2nd period - Juraj Slafkovsky is hit by Joshua Norris and loses puck.
19:42 of 2nd period - Slapshot by Damon Severson.
19:42 of 2nd period - Stopped by Anton Forsberg without a rebound.
19:43 of 2nd period - Vincent Trocheck wins face-off versus Lukas Reichel in Hartford Whalers zone.
19:49 of 2nd period - Icing by Kaiden Guhle.
19:50 of 2nd period - Vincent Trocheck wins face-off versus Lukas Reichel in Hartford Whalers zone.
19:51 of 2nd period - Backhand shot by Jonathan Marchessault.
19:51 of 2nd period - Shot Misses the Net.
19:53 of 2nd period - Wrist shot by Jonathan Marchessault.
19:53 of 2nd period - Stopped by Anton Forsberg with a rebound.
19:55 of 2nd period - Snap shot by Jonathan Marchessault.
19:55 of 2nd period - Stopped by Anton Forsberg with a rebound.
Goals for this period are 1 for Hartford Whalers vs 0 for Montreal Canadiens.
Shots for this period are 13 for Hartford Whalers vs 13 for Montreal Canadiens.
3rd period
0:01 of 3rd period - Vincent Trocheck wins face-off versus Nick Suzuki in neutral zone.
0:51 of 3rd period - Morgan Frost is hit by Jake Evans and loses puck.
1:20 of 3rd period - Snap shot by Vincent Trocheck.
1:20 of 3rd period - Stopped by Anton Forsberg with a rebound.
1:32 of 3rd period - Slapshot by Juraj Slafkovsky.
1:32 of 3rd period - Stopped by Anton Forsberg with a rebound.
1:34 of 3rd period - Slapshot by Ryan Lindgren.
1:34 of 3rd period - Deflect By Dylan Larkin.
1:34 of 3rd period - Goal by Dylan Larkin - Hartford Whalers : 1 - Montreal Canadiens : 3.
1:35 of 3rd period - Vincent Trocheck wins face-off versus Nick Suzuki in neutral zone.
2:10 of 3rd period - Minor Penalty to Vincent Trocheck for Hooking.
2:11 of 3rd period - Jake Evans wins face-off versus Morgan Frost in Montreal Canadiens zone.
2:24 of 3rd period - Ryan McDonagh is hit by Jake Evans and loses puck.
4:10 of 3rd period - Penalty to Vincent Trocheck is over, Vincent Trocheck is back on ice.
4:29 of 3rd period - Wrist shot by Vincent Trocheck.
4:29 of 3rd period - Shot Blocked by Charlie McAvoy.
4:49 of 3rd period - Vincent Trocheck is hit by Taylor Hall and loses puck.
5:51 of 3rd period - Snap shot by Aliaksei Protas.
5:51 of 3rd period - Stopped by Anton Forsberg with a rebound.
6:15 of 3rd period - Wrist shot by Jake Evans.
6:15 of 3rd period - Stopped by Anton Forsberg with a rebound.
6:29 of 3rd period - Slapshot by Joshua Norris.
6:29 of 3rd period - Shot Misses the Net.
6:33 of 3rd period - Snap shot by Joshua Norris.
6:33 of 3rd period - Stopped by David Rittich without a rebound.
6:34 of 3rd period - Nick Suzuki wins face-off versus Dylan Larkin in Montreal Canadiens zone.
6:39 of 3rd period - Wrist shot by Nick Suzuki.
6:39 of 3rd period - Stopped by David Rittich without a rebound.
6:40 of 3rd period - Dylan Larkin wins face-off versus Nick Suzuki in Montreal Canadiens zone.
6:45 of 3rd period - Wrist shot by Patrik Laine.
6:45 of 3rd period - Shot Blocked by Anthony Cirelli.
6:54 of 3rd period - Minor Penalty to Damon Severson for Roughing.
6:55 of 3rd period - Morgan Frost wins face-off versus Dylan Larkin in Montreal Canadiens zone.
7:10 of 3rd period - Backhand shot by Miles Wood.
7:10 of 3rd period - Stopped by David Rittich without a rebound.
7:11 of 3rd period - Nick Suzuki wins face-off versus Dylan Larkin in Montreal Canadiens zone.
7:14 of 3rd period - Wrist shot by Jonathan Drouin.
7:14 of 3rd period - Shot Blocked by Evgeni Dadonov.
8:54 of 3rd period - Penalty to Damon Severson is over, Damon Severson is back on ice.
8:56 of 3rd period - Wrist shot by Dylan Larkin.
8:56 of 3rd period - Shot Misses the Net.
10:00 of 3rd period - Ryan Suter is hit by Damon Severson and loses puck.
10:17 of 3rd period - Tyler Myers is hit by Josh Anderson and loses puck.
10:24 of 3rd period - Martin Necas is hit by Kaiden Guhle and loses puck.
10:35 of 3rd period - Kaapo Kakko is hit by Brady Skjei and loses puck.
11:49 of 3rd period - Torey Krug is hit by Vladislav Namestnikov and loses puck.
12:20 of 3rd period - Jonathan Marchessault is hit by Charlie McAvoy and loses puck.
12:25 of 3rd period - Snap shot by Morgan Frost.
12:25 of 3rd period - Stopped by David Rittich with a rebound.
12:37 of 3rd period - Adam Fox is hit by Ryan McDonagh and loses puck.
13:01 of 3rd period - Kaiden Guhle is hit by Luke Glendening and loses puck.
13:24 of 3rd period - Miles Wood is hit by Ilya Lyubushkin.
13:40 of 3rd period - Vladislav Namestnikov is hit by Anthony Cirelli and loses puck.
13:41 of 3rd period - Vladislav Namestnikov from Montreal Canadiens is injured at 13:41 of 3rd period (Sore Left Knee).
13:42 of 3rd period - Dylan Larkin wins face-off versus Nick Suzuki in Montreal Canadiens zone.
13:52 of 3rd period - Minor Penalty to Ilya Lyubushkin for Roughing.
13:53 of 3rd period - Jake Evans wins face-off versus Nick Suzuki in Montreal Canadiens zone.
14:03 of 3rd period - Tyler Myers is hit by Charlie McAvoy and loses puck.
14:31 of 3rd period - Off-side.
14:32 of 3rd period - Dylan Larkin wins face-off versus Morgan Frost in neutral zone.
15:06 of 3rd period - Slapshot by Torey Krug.
15:06 of 3rd period - Stopped by David Rittich without a rebound.
15:07 of 3rd period - Morgan Frost wins face-off versus Jake Evans in Montreal Canadiens zone.
15:12 of 3rd period - Snap shot by Morgan Frost.
15:12 of 3rd period - Goal by Morgan Frost - Hartford Whalers : 2 - Montreal Canadiens : 3.
15:13 of 3rd period - Lukas Reichel wins face-off versus Jake Evans in neutral zone.
15:38 of 3rd period - Juraj Slafkovsky is hit by Jonathan Drouin and loses puck.
16:04 of 3rd period - Off-side.
16:05 of 3rd period - Jake Evans wins face-off versus Lukas Reichel in neutral zone.
16:11 of 3rd period - Ryan Suter is hit by Brady Skjei and loses puck.
16:17 of 3rd period - Slapshot by Ryan Suter.
16:17 of 3rd period - Shot Blocked by Brady Skjei.
16:19 of 3rd period - Slapshot by Ryan Suter.
16:19 of 3rd period - Deflect By Lukas Reichel.
16:19 of 3rd period - Stopped by David Rittich with a rebound.
16:21 of 3rd period - Snap shot by Tomas Tatar.
16:21 of 3rd period - Shot Misses the Net.
16:31 of 3rd period - Torey Krug is hit by Juraj Slafkovsky.
16:56 of 3rd period - Slapshot by Ilya Lyubushkin.
16:56 of 3rd period - Stopped by Anton Forsberg with a rebound.
16:58 of 3rd period - Slapshot by Ilya Lyubushkin.
16:58 of 3rd period - Stopped by Anton Forsberg with a rebound.
17:43 of 3rd period - Slapshot by Lukas Reichel.
17:43 of 3rd period - Shot Blocked by Damon Severson.
17:48 of 3rd period - Off-side.
17:49 of 3rd period - Nick Suzuki wins face-off versus Jake Evans in neutral zone.
17:58 of 3rd period - Wrist shot by Jonathan Drouin.
17:58 of 3rd period - Shot Blocked by Aliaksei Protas.
18:04 of 3rd period - Slapshot by Jaden Schwartz.
18:04 of 3rd period - Stopped by Anton Forsberg with a rebound.
18:22 of 3rd period - Wrist shot by Dylan Larkin.
18:22 of 3rd period - Shot Misses the Net.
18:24 of 3rd period - Snap shot by Juraj Slafkovsky.
18:24 of 3rd period - Shot Blocked by Ryan Suter.
19:34 of 3rd period - Miles Wood is hit by Ryan Lindgren and loses puck.
19:59 of 3rd period - Wrist shot by Dylan Larkin.
19:59 of 3rd period - Stopped by Anton Forsberg without a rebound.
Goals for this period are 1 for Hartford Whalers vs 1 for Montreal Canadiens.
Shots for this period are 7 for Hartford Whalers vs 9 for Montreal Canadiens.
Back to the Top